AoeStats
← LeDerp

Nomad

509680946Analyzed
2v2 RM · 5d ago on Sep 27, 2026· 50m 44s· 4 players
Game mode
Random Map
Map size
176×176
Population
200
Speed
Normal
Resources
Standard
Victory
Conquest
Starting age
Dark Age
Ending age
Imperial Age
RankedLock teamsTeams togetherTeam positionsShared explorationLock speedFull tech treeHidden civsTurbo modeCheats
Victory
Defeat
🇩🇪 Franks · Germany
1241
+13
🇦🇹 Vietnamese · Austria
1122
+18
🇨🇳 Mongols · China
1209
-17
🇫🇷 Burgundians · France
1122
-14
dorshiffe10
6:07 Loom
9:14 Wheelbarrow
13:50 Feudal Age
12:10 Double-Bit Axe
14:51 Bow Saw
18:47 Scale Barding Armor
21:54 Horse Collar
25:33 Castle Age
24:05 Forging
27:26 Two-Man Saw
26:00 Light Cavalry
27:31 Chain Barding Armor
31:23 Fletching
35:28 Guilds
35:27 Heavy Plow
35:22 Gold Mining
40:17 Bodkin Arrow
40:26 Stone Mining
46:25 Herbal Medicine
48:19 Stone Shaft Mining
49:25 Iron Casting
53:23 Imperial Age
LeDerp
7:54 Loom
14:38 Feudal Age
19:34 Bloodlines
20:41 Scale Barding Armor
21:17 Double-Bit Axe
23:08 Horse Collar
23:25 Fishing Lines
28:09 Castle Age
30:34 Gillnets
31:04 Bow Saw
31:35 Fletching
31:45 Padded Archer Armor
33:13 Bodkin Arrow
33:34 Leather Archer Armor
35:08 Thumb Ring
35:46 Wheelbarrow
35:21 Husbandry
35:40 Elite Skirmisher
41:58 Murder Holes
46:50 Imperial Age
45:17 Ballistics
48:22 Bracer
49:22 Conscription
49:57 Light Cavalry
Aquisgranensis_MCM
3:08 Loom
6:10 Loom
8:51 Loom
12:51 Feudal Age
16:17 Double-Bit Axe
23:39 Castle Age
22:04 Gold Mining
22:42 Scale Barding Armor
22:53 Forging
24:50 Wheelbarrow
25:22 Chain Barding Armor
35:56 Iron Casting
36:20 Gold Shaft Mining
39:02 Hand Cart
47:53 Imperial Age
46:26 Husbandry
47:54 Cavalier
49:56 Paladin
BobbyBenz
10:16 Loom
12:58 Feudal Age
13:33 Double-Bit Axe
20:03 Fletching
21:32 Horse Collar
25:37 Gold Mining
30:02 Castle Age
30:12 Crossbowman
30:49 Bodkin Arrow
31:09 Bow Saw
33:20 Thumb Ring
34:03 Ballistics
33:57 Padded Archer Armor
40:58 Imperial Age
41:04 Arbalester
41:47 Bracer
42:59 Chemistry
Connection lost

Rejoining the realm…

Still unreachable

The connection could not be restored.

Session expired

The server has moved on; the page needs a fresh start.